 Dungeon Crawl Stone Soup version 0.29.1-1-gd02db6906a (webtiles) character file.

Game seed: 13950686089266633083

16 Aibolit the Grasshopper (level 2, 0/24 HPs)
             Began as a Ghoul Warper on Sept 24, 2022.
             Slain by a hobgoblin (2 damage)
             ... on level 1 of the Dungeon.
             The game lasted 00:02:14 (400 turns).

Aibolit the Grasshopper (Ghoul Warper)               Turns: 400, Time: 00:02:14

Health: 0/24       AC:  8    Str: 14    XL:     2   Next: 54%
Magic:  3/3        EV:  6    Int:  8    God:
Gold:   8          SH:  0    Dex:  8    Spells: 4/4 levels left

rFire   . . .      SeeInvis .   c - +0 dagger (pain)
rCold   + . .      Faith    .   (no shield)
rNeg    + + +      Spirit   .   f - +0 chain mail
rPois   ∞          Reflect  .   (no helmet)
rElec   .          Harm     .   (no cloak)
rCorr   .          Rampage  .   (no gloves)
Will    .....                   (no boots)
Stlth   ..........              (no amulet)
HPRegen 0.00/turn               (no ring)
MPRegen 0.08/turn               (no ring)

@: inhibited regen
A: claws 1, cold resistance 1, negative energy resistance 3, inhibited
regeneration, torment resistance 2, devour on kill
a: no special abilities


You were on level 1 of the Dungeon.
You visited 1 branch of the dungeon, and saw 1 of its levels.

You collected 8 gold pieces.

Inventory:

Hand Weapons
 c - a +0 dagger of pain (weapon)
Missiles
 g - 2 stones (quivered)
Armour
 a - a +0 leather armour
 f - a +0 chain mail (worn)
Scrolls
 b - a scroll of blinking
Potions
 d - a potion of attraction
 e - 2 potions of lignification {unknown}
 h - 2 potions of heal wounds {unknown}


   Skills:
 + Level 2.2 Fighting
 + Level 1.1 Throwing
 + Level 1.0 Armour
 + Level 1.8 Dodging
 + Level 2.4 Unarmed Combat
 + Level 1.8 Spellcasting
 + Level 3.0 Translocations


You had 4 spell levels left.
You didn't know any spells.
Your spell library contained the following spells:

 Spells                   Type           Power      Damage    Failure   Level
 Blink                    Tloc           10%        N/A       99%         2
 Gell's Gravitas          Tloc           5%         N/A       100%        3
 Lesser Beckoning         Tloc           5%         N/A       100%        3
 Teleport Other           Tloc           5%         N/A       100%        3
 Manifold Assault         Tloc           5%         N/A       100%        5


Dungeon Overview and Level Annotations

Branches:
Dungeon (1/15)

Altars:


Innate Abilities, Weirdness & Mutations

You are immune to poison.
You have sharp fingernails.
Your flesh is cold resistant. (rC+)
You are immune to negative energy. (rN+++)
You do not regenerate when monsters are visible.
You are immune to unholy pain and torment.
You thrive by killing the living.


Message History

You are too injured to fight recklessly!
You are too injured to fight recklessly!
You are too injured to fight recklessly!
Throw: 3 stones
Press: ? - help, Q - select action Shift-Dir - straight line You throw a stone.
The stone barely misses the goblin.
The stone barely misses the hobgoblin.
The goblin completely misses you.
You hit the goblin.
The goblin is heavily wounded.
The goblin hits you with a +0 club.
* * * LOW HITPOINT WARNING * * *
The gnoll hits you but does no damage.
You hit the goblin.
The goblin is severely wounded.
The goblin hits you but does no damage. The gnoll barely misses you.
You hit the goblin.
You kill the goblin!
The gnoll closely misses you.
You closely miss the hobgoblin.
The hobgoblin is heavily wounded.
The gnoll hits you but does no damage.
The hobgoblin hits you but does no damage.
You closely miss the hobgoblin.
The hobgoblin is heavily wounded.
The gnoll hits you but does no damage.
The hobgoblin hits you but does no damage.
You closely miss the hobgoblin.
The hobgoblin is heavily wounded.
The hobgoblin hits you but does no damage.
The gnoll hits you from afar with a +0 spear.
* * * LOW HITPOINT WARNING * * *
You hit the hobgoblin but do no damage.
The hobgoblin is heavily wounded.
The gnoll hits you but does no damage.
The hobgoblin hits you but does no damage.
You hit the hobgoblin.
The hobgoblin is severely wounded.
The gnoll hits you but does no damage. The hobgoblin hits you.
You die...

#.....# ..#....... #.....#
#.#....... #.....#####
#.#....... ##........#
#>......... .... #......#.#
#.........# ... #......#.#
#.....(...##..# #.....##.#
#...#.##......##
#.....##.####g....# #......
#......#...@g.....+ #.#..#
###.........###....#.#....#
#........)†.# ######....#.#
#.....#..†..###########.†.###
#.....#.....'..........†..#..
#.....##....###.........#...#
#.....##....# #......####...#
############# #......+....#.#
#......######..


You could see a gnoll and a hobgoblin.

Vanquished Creatures
  A giant cockroach (D:1)
  3 goblins (D:1)
  2 kobolds (D:1)
  A quokka (D:1)
  4 ball pythons (D:1)
  2 frilled lizards (D:1)
  A rat (D:1)
14 creatures vanquished.

Notes
Turn   | Place    | Note
-------+----------+-------------------------------------------
     0 | D:1      | Aibolit the Ghoul Warper began the quest for the Orb.
     0 | D:1      | Reached XP level 1. HP: 17/17 MP: 2/2
    82 | D:1      | Reached skill level 1 in Throwing
   294 | D:1      | Reached skill level 1 in Armour
   294 | D:1      | Reached XP level 2. HP: 24/24 MP: 3/3
   296 | D:1      | Reached skill level 3 in Translocations
   400 | D:1      | Slain by a hobgoblin

Illustrated notes

Levels and vault maps discovered:
D:1:      dpeg_arrival_erosion, layout_basic,
          hellmonk_ecumenical_altar_defaced_shrine

Skill      XL: |  1  2 |
---------------+-------+-----
Throwing       | 1 |  1.1
Armour         | 1 |  1.0
Translocations | 3 |  3.0
Fighting       | |  2.2
Dodging        | |  1.8
Unarmed Combat | |  2.4
Spellcasting   | |  1.8

Action                   || total
-------------------------++-------
Melee: Unarmed           ||    44
       Punch             ||     1
       Dagger            ||    14
Throw: Boomerang         ||     7
       Stone             ||     2
  Use: Potion            ||     1
Armor: Chain mail        ||    48
Dodge: Dodged            ||    26
